 Dungeon Crawl Stone Soup version 0.31-a0-167-g1c394c0614 (webtiles) character file.

Game seed: 2147819431940116264

25766 qw the Cleaver (level 13, -10/82 HPs)
             Began as a Gargoyle Fighter on June 14, 2023.
             Was a Priest of Okawaru.
             Mangled by a five-headed hydra (12 damage)
             ... on level 5 of the Lair of Beasts.
             The game lasted 00:06:24 (9609 turns).

qw the Cleaver (Gargoyle Fighter)                   Turns: 9609, Time: 00:06:25

Health: -10/82     AC: 31    Str: 24    XL:     13   Next: 21%
Magic:  20/20      EV:  9    Int: 10    God:    Okawaru [***...]
Gold:   706        SH: 14    Dex:  9    Spells: 12/12 levels left

rFire   + . .        o - +0 flail
rCold   + . .        a - +2 kite shield of Valour {rPois rC+}
rNeg    + . .        c - +0 plate armour
rPois   inf          n - +0 helmet
rElec   +            (no cloak)
rCorr   .            (no gloves)
SInv    .            (no boots)
Will    +....        f - amulet of regeneration Stlth
                     b - +4 ring of protection
HPRegen 1.13/turn    g - ring of protection from fire
MPRegen 0.17/turn

%: no passive effects
@: heroic
A: sickness immunity, AC +9, negative energy resistance 1, electricity
resistance, torment resistance 1, petrification resistance, strong-willed 1,
screaming 1, MP-powered wands
a: Renounce Religion, Heroism


You were on level 5 of the Lair of Beasts.
You worshipped Okawaru.
Okawaru was most pleased with you.
You visited 3 branches of the dungeon, and saw 14 of its levels.

You collected 706 gold pieces.


Innate Abilities, Weirdness & Mutations

You are immune to sickness and miasma.
Your stone body is resilient. (AC +9)
You are immune to poison.
You resist negative energy. (rN+)
You are resistant to electric shocks. (rElec)
You are resistant to unholy torment.
You are immune to petrification.
You are strong-willed. (Will+)
You occasionally shout uncontrollably at your foes.
You expend magic power (3 MP) to strengthen your wands.


   Skills:
 - Level 10.3(15.3) Fighting
 + Level 12.1(17.1) Axes
 - Level 4.0(9.0) Throwing
 - Level 8.1(13.1) Armour
 - Level 2.1(7.1) Dodging
 - Level 10.8(15.8) Shields
 - Level 9.9 Invocations


You had 12 spell levels left.
You didn't know any spells.
Your spell library was empty.

Inventory:

Hand Weapons
 o - a +0 flail (weapon)
 Y - a +0 war axe of protection
Armour
 a - the +2 kite shield of Valour (worn) {rPois rC+}
   (You acquired it on level 3 of the Dungeon)

   rC:        It protects you from cold.
   rPois:     It protects you from poison.
 c - a +0 plate armour (worn)
 n - a +0 helmet (worn)
Jewellery
 b - a +4 ring of protection (left hand)
 f - an amulet of regeneration (around neck)
 g - a ring of protection from fire (right hand)
 h - a ring of protection from cold
 s - a ring of willpower
Scrolls
 p - 6 scrolls of identify
Potions
 d - 3 potions of might
 e - a potion of lignification
 i - a potion of cancellation
 j - a potion of resistance
 k - a potion of curing
 l - 2 potions of haste

Dungeon Overview and Level Annotations

Branches:
Dungeon (8/15)             Temple (1/1) D:4            Lair (5/5) D:8
  Swamp (0/4) Lair:2       Spider (0/4) Lair:3
  Slime: Lair:4-5

Altars:
Cheibriados
Dithmenos
Elyvilon
Fedhas
Gozag
Hepliaklqana
Kikubaaqudgha
Okawaru
Qazlal
Ru
Sif Muna
Trog
Uskayaw
Vehumet
Xom
Yredelemnul
The Shining One

Annotations:
Lair:3 exclusion: 2 orb spiders


Message History

You thump the five-headed hydra!
The five-headed hydra is lightly wounded.
You barely miss the five-headed hydra.
The five-headed hydra is lightly wounded.
The five-headed hydra bites you but does no damage. x2
You block the five-headed hydra's attack.
The five-headed hydra bites you but does no damage. x2
You hit the five-headed hydra.
The five-headed hydra is moderately wounded.
The five-headed hydra bites you. x2
The five-headed hydra bites you but does no damage. x2
You block the five-headed hydra's attack.
You barely miss the five-headed hydra.
The five-headed hydra is lightly wounded.
The five-headed hydra completely misses you.
You block the five-headed hydra's attack.
The five-headed hydra bites you but does no damage.
You block the five-headed hydra's attack.
The five-headed hydra barely misses you.
You barely miss the five-headed hydra.
The five-headed hydra is lightly wounded.
You bludgeon the five-headed hydra!!
The five-headed hydra is heavily wounded.
The five-headed hydra bites you but does no damage.
The five-headed hydra bites you.
You block the five-headed hydra's attack. x3
You sock the five-headed hydra!
The five-headed hydra is heavily wounded.
The five-headed hydra closely misses you.
You block the five-headed hydra's attack.
The five-headed hydra bites you but does no damage. x3
You sock the five-headed hydra!
The five-headed hydra is severely wounded.
The five-headed hydra bites you but does no damage. x2
You block the five-headed hydra's attack.
The five-headed hydra bites you! x2
You sock the five-headed hydra!
The five-headed hydra is almost dead.
The five-headed hydra bites you!
You die...

### # #.# ###P.
#######.##...PP
#..............
#.....%........
.
#.....D@.......
.
##........####.
# ###.###### #
# # ## #. #8 #.
##


You could see a five-headed hydra.

Vanquished Creatures
  4 hydras
  A boulder beetle (Lair:4)
  Erica (Lair:1)
  11 elephants
  3 black mambas
  5 cane toads
  2 rime drakes
  4 komodo dragons
  5 polar bears
  15 blink frogs
  Sigmund (D:3)
  5 wyverns
  35 yaks
  2 basilisks
  Menkaure (D:5)
  6 water moccasins
  A sky beast (D:7)
  6 ice beasts
  An orc warrior (D:7)
  3 black bears
  2 centaurs
  3 ogres
  3 wolves (D:8)
  2 kobold brigands
  A phantom (D:7)
  Blork the orc (D:5)
  10 bullfrogs
  4 scorpions
  A wight (D:7)
  A killer bee (D:7)
  An electric eel (Lair:4)
  5 hounds
  A jelly (D:7)
  2 orc priests
  A gnoll bouda (D:7)
  Jessica (D:3)
  3 orc wizards
  3 sleepcaps
  7 iguanas
  7 gnolls
  8 adders
  3 shadow imps
  A white imp (D:5)
  2 ufetubi
  5 worms
  7 dart slugs
  15 orcs
  6 bats
  An endoplasm (D:2)
  8 giant cockroaches
  6 goblins
  2 hobgoblins (D:1)
  6 jackals (D:2)
  4 quokkas
  3 ball pythons
  A frilled lizard (D:3)
  8 kobolds
  5 rats
262 creatures vanquished.

Vanquished Creatures (others)
  A jackal (D:2)
1 creature vanquished.

Grand Total: 263 creatures vanquished

Notes
Turn   | Place    | Note
-------+----------+-------------------------------------------
     0 | D:1      | qw the Gargoyle Fighter began the quest for the Orb.
     0 | D:1      | Reached XP level 1. HP: 14/14 MP: 1/1
     0 | D:1      | 0 ||| qw: Version: 0.2-a-29-g1fa15c8
     0 | D:1      | 0 ||| qw: Game counter: 4927
     0 | D:1      | 0 ||| qw: Always use a shield: true
     0 | D:1      | 0 ||| qw: God list: Okawaru
     0 | D:1      | 0 ||| qw: Allow faded altars: false
     0 | D:1      | 0 ||| qw: Do Orc after D:15 true
     0 | D:1      | 0 ||| qw: Do second Lair branch before Depths: true
     0 | D:1      | 0 ||| qw: Lair rune preference: random
     0 | D:1      | 0 ||| qw: Plans: Normal, Zot:1-4, Slime:5, God:TSO, Crypt,
                  | Tomb, Abyss, Pan, Hells, Win
     0 | D:1      | 0 ||| PLANNING D:1-11
    40 | D:1      | Reached skill level 2 in Axes
   115 | D:1      | Reached XP level 2. HP: 19/19 MP: 2/2
   129 | D:1      | 129 ||| Stepping ~*~*~tactically~*~*~ (hiding).
   131 | D:1      | 131 ||| Stepping ~*~*~tactically~*~*~ (hiding).
   221 | D:1      | 221 ||| Stepping ~*~*~tactically~*~*~ (hiding).
   330 | D:1      | 330 ||| DROPPING +0 club.
   639 | D:1      | 639 ||| UPGRADING to +0 chain mail.
   649 | D:1      | 649 ||| DROPPING +0 scale mail.
   650 | D:1      | 650 ||| DROPPING ring of wizardry.
   651 | D:1      | 651 ||| READING scroll labelled TOL HYOFRUTANIUPN.
   652 | D:1      | 652 ||| READING scroll labelled POWKEOMUNO.
   653 | D:1      | 653 ||| READING scroll labelled SOAS LUEHUJI.
   656 | D:1      | 656 ||| READING scroll labelled NAOWASH TIETAE.
   788 | D:2      | Reached skill level 3 in Axes
   942 | D:2      | Reached XP level 3. HP: 21/23 MP: 3/3
   977 | D:2      | 977 ||| Stepping ~*~*~tactically~*~*~ (stealth).
   978 | D:2      | 978 ||| Stepping ~*~*~tactically~*~*~ (stealth).
  1364 | D:2      | Found a faded altar of an unknown god.
  1374 | D:2      | 1374 ||| Stepping ~*~*~tactically~*~*~ (hiding).
  1378 | D:2      | 1378 ||| Stepping ~*~*~tactically~*~*~ (hiding).
  1383 | D:2      | Reached XP level 4. HP: 28/28 MP: 4/4
  1540 | D:2      | Reached skill level 4 in Axes
  1783 | D:2      | 1783 ||| UPGRADING to +4 ring of protection.
  1784 | D:2      | 1784 ||| UPGRADING to ring of protection from fire.
  1785 | D:2      | 1785 ||| READING scroll labelled AMERPHUIBOX.
  1786 | D:2      | 1786 ||| DRINKING 2 dark potions.
  1792 | D:2      | 1792 ||| DROPPING potion of ambrosia.
  1854 | D:3      | 1854 ||| Stepping ~*~*~tactically~*~*~ (stealth).
  1855 | D:3      | 1855 ||| Stepping ~*~*~tactically~*~*~ (stealth).
  1857 | D:3      | 1857 ||| Stepping ~*~*~tactically~*~*~ (stealth).
  1860 | D:3      | 1860 ||| Stepping ~*~*~tactically~*~*~ (stealth).
  1861 | D:3      | 1861 ||| Stepping ~*~*~tactically~*~*~ (stealth).
  1862 | D:3      | Noticed Sigmund
  1882 | D:3      | Killed Sigmund
  1883 | D:3      | Reached skill level 5 in Axes
  1883 | D:3      | Reached XP level 5. HP: 23/32 MP: 5/5
  1883 | D:3      | Reached XP level 6. HP: 26/37 MP: 6/6
  1931 | D:3      | 1931 ||| Stepping ~*~*~tactically~*~*~ (stealth).
  1941 | D:3      | 1941 ||| Stepping ~*~*~tactically~*~*~ (stealth).
  1964 | D:3      | HP: 9/38 [worm (4)]
  1965 | D:3      | 1965 ||| READING scroll of teleportation.
  2092 | D:3      | Noticed Jessica
  2093 | D:3      | 2093 ||| Stepping ~*~*~tactically~*~*~ (hiding).
  2095 | D:3      | 2095 ||| Stepping ~*~*~tactically~*~*~ (hiding).
  2101 | D:3      | Killed Jessica
  2103 | D:3      | 2103 ||| Stepping ~*~*~tactically~*~*~ (stealth).
  2469 | D:3      | 2469 ||| UPGRADING to +0 helmet.
  2474 | D:3      | 2474 ||| UPGRADING to amulet of regeneration.
  2479 | D:3      | 2479 ||| READING scroll labelled XETZO KEIF.
  2480 | D:3      | 2480 ||| READING scroll labelled PUOPLA UN ERI.
  2480 | D:3      | Identified a scroll of acquirement
  2480 | D:3      | 2480 ||| ACQUIRING +2 kite shield of Valour {rPois rC+}
  2480 | D:3      | Acquired the +2 kite shield of Valour {rPois rC+}
  2482 | D:3      | 2482 ||| UPGRADING to +2 kite shield of Valour {rPois rC+}.
  2492 | D:3      | 2492 ||| DROPPING +0 buckler.
  2612 | D:4      | 2612 ||| Stepping ~*~*~tactically~*~*~ (hiding).
  2815 | D:4      | 2815 ||| Stepping ~*~*~tactically~*~*~ (hiding).
  2872 | D:4      | Found a staircase to the Ecumenical Temple.
  2873 | D:4      | 2873 ||| PLANNING TEMPLE
  2873 | D:4      | 2873 ||| DRINKING 2 metallic black potions.
  2978 | D:4      | 2978 ||| DROPPING potion of berserk rage.
  2988 | Temple   | Entered the Ecumenical Temple
  3092 | Temple   | 3092 ||| PLANNING OKAWARU WORSHIP
  3163 | Temple   | Became a worshipper of Warmaster Okawaru
  3164 | Temple   | 3164 ||| PLANNING D:1-11
  3345 | D:5      | Entered Level 5 of the Dungeon
  3347 | D:5      | 3347 ||| Stepping ~*~*~tactically~*~*~ (hiding).
  3358 | D:5      | Noticed Menkaure
  3359 | D:5      | Reached skill level 1 in Throwing
  3359 | D:5      | Reached XP level 7. HP: 43/43 MP: 7/7
  3361 | D:5      | 3361 ||| STAIRDANCE
  3383 | D:5      | 3383 ||| STAIRDANCE
  3404 | D:5      | Killed Menkaure
  3617 | D:5      | Reached skill level 6 in Axes
  3622 | D:5      | Noticed Blork the orc
  3623 | D:5      | 3623 ||| Stepping ~*~*~tactically~*~*~ (hiding).
  3632 | D:5      | Killed Blork the orc
  3632 | D:5      | Reached * piety under Okawaru
  3665 | D:5      | Reached skill level 6 in Shields
  3665 | D:5      | Reached skill level 1 in Invocations
  3665 | D:5      | Reached XP level 8. HP: 48/48 MP: 8/8
  3874 | D:5      | Found a hazy altar of Hepliaklqana.
  4014 | D:5      | 4014 ||| READING scroll labelled CILINTUGGO.
  4015 | D:5      | 4015 ||| DRINKING 2 bubbling white potions.
  4016 | D:5      | 4016 ||| DRINKING 2 amethyst potions.
  4017 | D:5      | 4017 ||| DRINKING 2 green potions.
  4018 | D:5      | 4018 ||| DROPPING potion of degeneration.
  4019 | D:5      | 4019 ||| DROPPING potion of enlightenment.
  4048 | D:6      | 4048 ||| STAIRDANCE
  4055 | D:6      | 4055 ||| Stepping ~*~*~tactically~*~*~ (stealth).
  4187 | D:6      | Reached skill level 3 in Invocations
  4284 | D:6      | 4284 ||| INVOKING Heroism.
  4381 | D:6      | 4381 ||| INVOKING Heroism.
  4389 | D:6      | Reached skill level 7 in Axes
  4422 | D:6      | Found a sacrificial altar of Ru.
  4440 | D:6      | 4440 ||| Stepping ~*~*~tactically~*~*~ (stealth).
  4452 | D:6      | 4452 ||| DROPPING +0 whip.
  4489 | D:6      | 4489 ||| Stepping ~*~*~tactically~*~*~ (hiding).
  4491 | D:6      | 4491 ||| Stepping ~*~*~tactically~*~*~ (hiding).
  4615 | D:6      | Found a radiant altar of Vehumet.
  4616 | D:6      | 4616 ||| Stepping ~*~*~tactically~*~*~ (hiding).
  4617 | D:6      | 4617 ||| Stepping ~*~*~tactically~*~*~ (hiding).
  4618 | D:6      | 4618 ||| Stepping ~*~*~tactically~*~*~ (hiding).
  4624 | D:6      | Reached ** piety under Okawaru
  4628 | D:6      | Reached skill level 1 in Dodging
  4644 | D:6      | 4644 ||| INVOKING Heroism.
  4650 | D:6      | Reached XP level 9. HP: 54/54 MP: 9/12
  4846 | D:6      | 4846 ||| DRINKING 2 viscous amethyst potions.
  4846 | D:6      | Gained mutation: You are occasionally teleported next to
                  | monsters. [potion of mutation]
  4847 | D:6      | 4847 ||| DRINKING potion of mutation.
  4847 | D:6      | Lost mutation: You are occasionally teleported next to
                  | monsters. [potion of mutation]
  4847 | D:6      | Gained mutation: You occasionally shout uncontrollably at
                  | your foes. [potion of mutation]
  4847 | D:6      | Gained mutation: You expend magic power (3 MP) to
                  | strengthen your wands. [potion of mutation]
  4847 | D:6      | Gained mutation: You are strong-willed. (Will+) [potion of
                  | mutation]
  4848 | D:6      | 4848 ||| DRINKING 2 orange potions.
  4872 | D:6      | 4872 ||| READING 3 scrolls of identify.
  4872 | D:6      | 4872 ||| IDENTIFYING glowing golden potion
  4873 | D:6      | 4873 ||| READING 2 scrolls of identify.
  4873 | D:6      | 4873 ||| IDENTIFYING lumpy red potion
  4874 | D:6      | 4874 ||| DROPPING potion of invisibility.
  4924 | D:6      | 4924 ||| STAIRDANCE
  4933 | D:5      | 4933 ||| INVOKING Heroism.
  4977 | D:6      | 4977 ||| READING scroll labelled BIHOETT KECONE.
  4978 | D:6      | 4978 ||| READING scroll labelled VEYXYC HUCANIFRY.
  5163 | D:7      | You fall into a shaft and drop 1 floor!
  5170 | D:8      | 5170 ||| Stepping ~*~*~tactically~*~*~ (stealth).
  5171 | D:8      | 5171 ||| Stepping ~*~*~tactically~*~*~ (stealth).
  5173 | D:8      | Noticed a polar bear
  5174 | D:8      | 5174 ||| INVOKING Heroism.
  5176 | D:8      | Noticed a polar bear
  5180 | D:8      | Reached skill level 8 in Axes
  5180 | D:8      | Noticed a rime drake
  5186 | D:8      | Killed a polar bear
  5187 | D:8      | Reached skill level 6 in Fighting
  5202 | D:8      | Killed a rime drake
  5202 | D:8      | Reached *** piety under Okawaru
  5202 | D:8      | HP: 11/55 [polar bear (14)]
  5203 | D:8      | 5203 ||| READING scroll of teleportation.
  5204 | D:8      | 5204 ||| DRINKING potion of heal wounds.
  5206 | D:8      | 5206 ||| INVOKING Heroism.
  5206 | D:8      | Found a staircase to the Lair.
  5239 | D:8      | 5239 ||| Stepping ~*~*~tactically~*~*~ (stealth).
  5241 | D:8      | 5241 ||| INVOKING Heroism.
  5245 | D:8      | Killed a polar bear
  5246 | D:8      | Reached XP level 10. HP: 60/60 MP: 10/13
  5303 | D:7      | 5303 ||| Stepping ~*~*~tactically~*~*~ (hiding).
  5308 | D:7      | 5308 ||| INVOKING Heroism.
  5325 | D:7      | Reached skill level 9 in Axes
  5338 | D:7      | Found a glowing golden altar of the Shining One.
  5338 | D:7      | Found an ancient bone altar of Kikubaaqudgha.
  5444 | D:7      | 5444 ||| INVOKING Heroism.
  5459 | D:7      | 5459 ||| INVOKING Heroism.
  5484 | D:7      | 5484 ||| INVOKING Heroism.
  5486 | D:7      | Reached skill level 3 in Throwing
  5488 | D:7      | Found a shadowy altar of Dithmenos.
  5520 | D:7      | 5520 ||| INVOKING Heroism.
  5798 | D:7      | 5798 ||| PLANNING LAIR
  5798 | D:7      | 5798 ||| UPGRADING to +0 plate armour.
  5808 | D:7      | 5808 ||| DROPPING +0 chain mail.
  5809 | D:7      | 5809 ||| READING scroll labelled XEJIWE DUISOXI.
  5857 | Lair:1   | Entered Level 1 of the Lair of Beasts
  5888 | Lair:1   | 5888 ||| Stepping ~*~*~tactically~*~*~ (hiding).
  5890 | Lair:1   | 5890 ||| Stepping ~*~*~tactically~*~*~ (hiding).
  5944 | Lair:1   | 5944 ||| INVOKING Heroism.
  5948 | Lair:1   | Reached skill level 9 in Shields
  6011 | Lair:1   | Reached skill level 6 in Armour
  6063 | Lair:1   | 6063 ||| Stepping ~*~*~tactically~*~*~ (stealth).
  6064 | Lair:1   | 6064 ||| Stepping ~*~*~tactically~*~*~ (stealth).
  6066 | Lair:1   | 6066 ||| Stepping ~*~*~tactically~*~*~ (stealth).
  6070 | Lair:1   | 6070 ||| INVOKING Heroism.
  6100 | Lair:1   | Reached skill level 10 in Axes
  6144 | Lair:1   | Noticed Erica
  6145 | Lair:1   | 6145 ||| INVOKING Heroism.
  6171 | Lair:1   | Killed Erica
  6171 | Lair:1   | Reached **** piety under Okawaru
  6172 | Lair:1   | Reached XP level 11. HP: 28/69 MP: 14/14
  6405 | Lair:1   | 6405 ||| READING 3 scrolls of identify.
  6405 | Lair:1   | 6405 ||| IDENTIFYING metallic sapphire potion
  6406 | Lair:1   | 6406 ||| READING 2 scrolls of identify.
  6406 | Lair:1   | 6406 ||| IDENTIFYING fizzy inky potion
  6450 | Lair:2   | 6450 ||| INVOKING Heroism.
  6538 | Lair:2   | 6538 ||| INVOKING Heroism.
  6571 | Lair:2   | Found a staircase to the Swamp.
  6669 | Lair:2   | 6669 ||| INVOKING Heroism.
  6673 | Lair:2   | HP: 17/69 [water moccasin (7)]
  6674 | Lair:2   | 6674 ||| READING scroll of teleportation.
  6764 | Lair:2   | 6764 ||| Stepping ~*~*~tactically~*~*~ (stealth).
  6765 | Lair:2   | 6765 ||| INVOKING Heroism.
  6782 | Lair:2   | 6782 ||| Stepping ~*~*~tactically~*~*~ (stealth).
  6795 | Lair:2   | 6795 ||| INVOKING Heroism.
  6813 | Lair:2   | Reached skill level 11 in Axes
  6927 | Lair:2   | 6927 ||| INVOKING Heroism.
  6955 | Lair:2   | Received a gift from Okawaru
  6959 | Lair:2   | 6959 ||| INVOKING Heroism.
  6964 | Lair:2   | Reached skill level 6 in Invocations
  7000 | Lair:2   | 7000 ||| INVOKING Heroism.
  7057 | Lair:2   | 7057 ||| Stepping ~*~*~tactically~*~*~ (stealth).
  7059 | Lair:2   | 7059 ||| Stepping ~*~*~tactically~*~*~ (stealth).
  7086 | Lair:2   | Received a gift from Okawaru
  7091 | Lair:2   | 7091 ||| INVOKING Heroism.
  7203 | Lair:2   | 7203 ||| Stepping ~*~*~tactically~*~*~ (stealth).
  7208 | Lair:2   | 7208 ||| INVOKING Heroism.
  7234 | Lair:2   | Reached skill level 9 in Fighting
  7234 | Lair:2   | Reached XP level 12. HP: 67/76 MP: 16/16
  7235 | Lair:2   | 7235 ||| INVOKING Heroism.
  7520 | Lair:2   | 7520 ||| READING scroll labelled PYKAZX BANI.
  7539 | Lair:3   | 7539 ||| STAIRDANCE
  7545 | Lair:2   | 7545 ||| INVOKING Heroism.
  7599 | Lair:3   | 7599 ||| INVOKING Heroism.
  7654 | Lair:3   | Identified the +0 scale mail of the Onion {rElec}
  7659 | Lair:3   | 7659 ||| Stepping ~*~*~tactically~*~*~ (stealth).
  7669 | Lair:3   | 7669 ||| Stepping ~*~*~tactically~*~*~ (stealth).
  7703 | Lair:3   | 7703 ||| Stepping ~*~*~tactically~*~*~ (stealth).
  7751 | Lair:3   | Received a gift from Okawaru
  7758 | Lair:3   | 7758 ||| INVOKING Heroism.
  7852 | Lair:3   | 7852 ||| Stepping ~*~*~tactically~*~*~ (stealth).
  7904 | Lair:3   | Received a gift from Okawaru
  7958 | Lair:3   | 7958 ||| Stepping ~*~*~tactically~*~*~ (stealth).
  7997 | Lair:3   | 7997 ||| INVOKING Heroism.
  8001 | Lair:3   | Reached skill level 12 in Axes
  8253 | Lair:3   | Found a hole to the Spider Nest.
  8260 | Lair:3   | 8260 ||| DROPPING ring of magical power.
  8263 | Lair:3   | 8263 ||| DRINKING 2 glowing pink potions.
  8265 | Lair:3   | HP: 15/76 [disintegration (61)]
  8433 | Lair:4   | Noticed a four-headed hydra
  8434 | Lair:4   | 8434 ||| PLANNING GAUNTLET
  8434 | Lair:4   | 8434 ||| INVOKING Heroism.
  8436 | Lair:4   | 8436 ||| Stepping ~*~*~tactically~*~*~ (stealth).
  8439 | Lair:4   | 8439 ||| SWAPPING to +0 flail.
  8447 | Lair:4   | Killed a four-headed hydra
  8465 | Lair:4   | 8465 ||| UPGRADING to +0 war axe.
  8470 | Lair:4   | 8470 ||| Stepping ~*~*~tactically~*~*~ (stealth).
  8472 | Lair:4   | 8472 ||| Stepping ~*~*~tactically~*~*~ (stealth).
  8473 | Lair:4   | 8473 ||| Stepping ~*~*~tactically~*~*~ (stealth).
  8497 | Lair:4   | 8497 ||| INVOKING Heroism.
  8502 | Lair:4   | Reached skill level 9 in Invocations
  8556 | Lair:4   | Noticed a seven-headed hydra
  8558 | Lair:4   | 8558 ||| INVOKING Heroism.
  8563 | Lair:4   | 8563 ||| SWAPPING to +0 flail.
  8572 | Lair:4   | Killed a seven-headed hydra
  8587 | Lair:4   | 8587 ||| UPGRADING to +0 war axe.
  8605 | Lair:4   | 8605 ||| INVOKING Heroism.
  8607 | Lair:4   | Noticed a six-headed hydra
  8616 | Lair:4   | 8616 ||| SWAPPING to +0 flail.
  8619 | Lair:4   | Noticed a boulder beetle
  8631 | Lair:4   | HP: 17/76 [six-headed hydra (8)]
  8632 | Lair:4   | Killed a six-headed hydra
  8638 | Lair:4   | 8638 ||| INVOKING Heroism.
  8666 | Lair:4   | 8666 ||| INVOKING Heroism.
  8733 | Lair:4   | 8733 ||| INVOKING Heroism.
  8753 | Lair:4   | 8753 ||| UPGRADING to +0 war axe.
  8779 | Lair:4   | Killed a boulder beetle
  8779 | Lair:4   | Received a gift from Okawaru
  8876 | Lair:4   | 8876 ||| INVOKING Heroism.
  8881 | Lair:4   | 8881 ||| RIP GAUNTLET
  8883 | Lair:4   | 8883 ||| PLANNING LAIR
  8886 | Lair:4   | Reached XP level 13. HP: 80/80 MP: 18/20
  8906 | Lair:4   | 8906 ||| INVOKING Heroism.
  9169 | Lair:4   | 9169 ||| INVOKING Heroism.
  9490 | Lair:4   | 9490 ||| READING scroll labelled VEYNKU EXEVUXT.
  9506 | Lair:5   | Entered Level 5 of the Lair of Beasts
  9530 | Lair:5   | 9530 ||| INVOKING Heroism.
  9536 | Lair:5   | 9536 ||| Stepping ~*~*~tactically~*~*~ (stealth).
  9537 | Lair:5   | 9537 ||| SWAPPING to +0 flail.
  9569 | Lair:5   | 9569 ||| INVOKING Heroism.
  9590 | Lair:5   | HP: 19/82 [cane toad (11)]
  9591 | Lair:5   | 9591 ||| READING scroll of teleportation.
  9599 | Lair:5   | HP: 17/82 [five-headed hydra (5)]
  9606 | Lair:5   | HP: 16/82 [five-headed hydra (2)]
  9608 | Lair:5   | HP: 1/82 [five-headed hydra (9)]
  9609 | Lair:5   | Mangled by a five-headed hydra

Levels and vault maps discovered:
D:1:      arrival_zaba_pyramid, layout_basic, st_stairs_14
D:2:      minmay_thinvault, layout_basic, hellmonk_ecumenical_altar_arch_garden,
          nrook_mini_vaults, lemuel_flame_loot_1
D:3:      layout_basic, uniq_sigmund, uniq_jessica
D:4:      layout_cave_pools, minmay_temple_entry_crystal_x
D:5:      layout_loops_ring, worldfamousw_hep_ancestral_shrine,
          uniq_blork_the_orc, uniq_menkaure
D:6:      layout_basic, nicolae_vehumet_altar_sigil,
          mainiacjoe_overflow_chevrons, nicolae_fountain_basement
D:7:      layout_basic, mainiacjoe_overflow_large_starburst, st_stairs_8,
          minmay_ruined_shrine
D:8:      layout_rooms, nicolae_dithmenos_shadow_blocks, lemuel_tele_altar,
          hellmonk_lair_entry_icy, amcnicky_mini_corridor_feature
Temple:   bh_familiar_temple
Lair:1:   layout_roguey, uniq_erica
Lair:2:   layout_long_grid, minmay_swamp_entry_reptiles,
          infiniplex_staircase_pool_2
Lair:3:   layout_long_grid, nicolae_spider_entry_orb_guardian
Lair:4:   layout_regular_city, gauntlet_entry_generic, serial_bayou_shore_a,
          lemuel_fruit_tree
Lair:5:   minmay_lair_end_enchanted_forest, layout_hall_layers, slime_entry_1,
          grunt_megastairs_1

Skill      XL: |  1  2  3  4  5  6  7  8  9 10 11 12 13 |
---------------+----------------------------------------+-----
Axes           | 2 3 5 6 7 8 10 11 12 | 12.1
Fighting       | 4 5 6 8 9 10 | 10.3
Throwing       | 1 2 3 4 |  4.0
Shields        | 6 8 9 10 | 10.8
Invocations    | 1 4 6 9 |  9.9
Dodging        | 1 2 |  2.1
Armour         | 6 7 8 |  8.1

Action                     |  1- 3 |  4- 6 |  7- 9 | 10-12 | 13-15 || total
---------------------------+-------+-------+-------+-------+-------++-------
  Melee: War axe           |   109 |   128 |   202 |   546 |    74 ||  1059
         Flail             |       |       |       |    98 |    70 ||   168
  Throw: Javelin           |       |    10 |    32 |    47 |     4 ||    93
         Boomerang         |       |       |    17 |    21 |       ||    38
 Invoke: Heroism           |       |       |     7 |    31 |     4 ||    42
    Use: Scroll            |     4 |     4 |     6 |     5 |     2 ||    21
         Potion            |       |     2 |     7 |     1 |       ||    10
 Armour: Scale mail        |    23 |       |       |       |       ||    23
         Chain mail        |    79 |    83 |   162 |    34 |       ||   358
         Plate armour      |       |       |       |   362 |   126 ||   488
  Dodge: Dodged            |    43 |    37 |    90 |   175 |    79 ||   424
  Block: Buckler           |    21 |    16 |       |       |       ||    37
         Kite shield       |       |    17 |   144 |   454 |   166 ||   781

Table legend:
 A = Non-vault XP
 B = Vault XP
 C = Vault XP percentage of total XP
 D = Non-vault monster count
 E = Vault monster count
 F = Vault count percentage of total count
                 A         B        C        D         E       F
            +---------+---------+-------+---------+---------+-------
      Total |   31533 |    5276 |  14.3 |     208 |      54 |  20.6
            +---------+---------+-------+---------+---------+-------
        D:1 |      18 |       6 |  25.0 |       9 |       2 |  18.2
        D:2 |      49 |      58 |  54.2 |      19 |      15 |  44.1
        D:3 |      75 |     263 |  77.8 |      12 |       2 |  14.3
        D:4 |     224 |       0 |   0.0 |      16 |       0 |   0.0
        D:5 |     467 |     496 |  51.5 |      17 |       6 |  26.1
        D:6 |    1033 |       0 |   0.0 |      20 |       0 |   0.0
        D:7 |     761 |     904 |  54.3 |      10 |      12 |  54.5
        D:8 |      15 |    1821 |  99.2 |       5 |      10 |  66.7
     Lair:1 |    2987 |     844 |  22.0 |      15 |       1 |   6.2
     Lair:2 |    9755 |     498 |   4.9 |      36 |       4 |  10.0
     Lair:3 |    6192 |       0 |   0.0 |      22 |       0 |   0.0
     Lair:4 |    7493 |       0 |   0.0 |      21 |       0 |   0.0
     Lair:5 |    2464 |     386 |  13.5 |       6 |       2 |  25.0
            +---------+---------+-------+---------+---------+-------
